 Dungeon Crawl Stone Soup version 0.19.1-1-g22dce08 (webtiles) character file.

785 M4edhros the Covert (level 7, 0/43 HPs)
             Began as an Octopode Artificer on Jan 4, 2017.
             Was a Follower of Fedhas.
             Succumbed to poison (a needle trap)
             ... in an ossuary.
             The game lasted 00:07:57 (3997 turns).

M4edhros the Covert (Octopode Artificer)            Turns: 3997, Time: 00:07:57

Health: 0/43       AC:  1    Str: 12    XL:     7   Next: 86%
Magic:  29/29      EV: 16    Int: 13    God:    Fedhas [*.....]
Gold:   216        SH:  0    Dex: 16    Spells: 0 memorised, 6 levels left

rFire  + . .     SeeInvis .     h - -1 dagger
rCold  + + .     Gourm    .     (no shield)
rNeg   + . .     Faith    .     u - +0 hat
rPois  +         Spirit   .     (no amulet)
rElec  +         Reflect  .     g - ring of magical power
rCorr  +         Harm     .     o - ring of magical power
MR     .....                    x - ring of Purojeipt {rC+ rN+}
Stlth  +++++.....               (no ring)
                                (no ring)
                                (no ring)
                                (no ring)
                                (no ring)

@: lethally poisoned (0 -> -1), resistant
A: almost no armour, stealthy swim, amphibious, 8 rings, constrict 8, camouflage
1, agile 1, screaming 1, wild magic 1, gelatinous body 1
a: Fungal Bloom, Evolution, Renounce Religion


You were in an ossuary.
You worshipped Fedhas.
Fedhas was aware of your devotion.
You were not hungry.

You visited 2 branches of the dungeon, and saw 6 of its levels.
You also visited: Ossuary.

You collected 216 gold pieces.

Inventory:

Hand Weapons
 a - a +0 short sword
 h - a -1 dagger (weapon)
 q - a +0 blowgun
Missiles
 i - 6 javelins (quivered)
 p - 43 poisoned needles
Armour
 u - a +0 hat (worn)
Jewellery
 g - a ring of magical power (left tentacle)
 o - a ring of magical power (right tentacle)
 s - an uncursed ring of wizardry {unknown}
 x - the ring of Purojeipt (on tentacle) {rC+ rN+}
   (You found it on level 4 of the Dungeon)

   [ring of positive energy]

   It protects you from cold.
   It protects you from negative energy.
Wands
 b - a wand of flame (21/48)
 c - a wand of enslavement (8/24)
 d - a wand of random effects (7/48)
Scrolls
 j - a scroll of magic mapping
 m - a scroll of remove curse
 t - a scroll of enchant armour {unknown}
 v - a scroll of enchant weapon {unknown}
Potions
 k - a potion of agility
 w - a potion of resistance
Comestibles
 f - a bread ration
 r - a meat ration


   Skills:
 - Level 1.0 Fighting
 - Level 1.0 Short Blades
 + Level 4.6 Dodging
 * Level 8.8 Stealth
 + Level 5.4 Evocations


You had 6 spell levels left.
You didn't know any spells.

Dungeon Overview and Level Annotations

Branches:
Dungeon (5/15)             Temple (1/1) D:5

Altars:
Ashenzari
Cheibriados
Dithmenos
Elyvilon
Fedhas
Gozag
Hepliaklqana
Kikubaaqudgha
Makhleb
Nemelex Xobeh
Okawaru
Qazlal
Ru
Trog
Uskayaw
Vehumet
Xom
Yredelemnul
Zin
The Shining One

Annotations:
D:4 McKennaii's ghost, amateur HEWz


Innate Abilities, Weirdness & Mutations

You cannot wear most types of armour.
You are very stealthy in the water. (Stealth+)
You are amphibious.
You can wear up to eight rings at the same time.
You can use your tentacles to constrict eight enemies at once.
Your skin changes colour to match your surroundings (Stealth+).
Your rubbery body absorbs attacks. (AC +1, EV +1)
You are agile. (Dex +2)
You occasionally shout uncontrollably at your foes.
Your spells are a little harder to cast, but a little more powerful.


Message History

You feel sick.
* * * LOW HITPOINT WARNING * * *
You feel sick.
* * * LOW HITPOINT WARNING * * *
You feel sick.
* * * LOW HITPOINT WARNING * * *
You feel sick.
* * * LOW HITPOINT WARNING * * *
You feel sick.
* * * LOW HITPOINT WARNING * * *
You feel sick.
* * * LOW HITPOINT WARNING * * *
You feel sick.
* * * LOW HITPOINT WARNING * * *
You feel sick.
* * * LOW HITPOINT WARNING * * *
You feel sick.
You die...
Xom giggles madly!
Fedhas appreciates your contribution to the ecosystem.

##################
#...'^^^#....#^..#
#...#^^^'....#^^.+
#...#..^#...@'^^.#
##'###############
#^..# #.^.# #...#
#..^# #+### #...#
#...#


There were no monsters in sight!

Vanquished Creatures
  A phantom (D:4)
  An ice beast (D:5)
  5 water moccasin skeletons (Ossuary)
  An orc priest (D:3)
  A worker ant (D:5)
  Ijyb (D:3)
  Natasha (D:3)
  2 big kobold skeletons (Ossuary)
  6 adders
  2 oozes
  An adder zombie (D:5)
  2 adder skeletons (Ossuary)
  2 worms (D:3)
  A dart slug (D:2)
  A leopard gecko (D:2)
  5 orcs
  5 bats
  6 giant cockroaches
  8 goblins
  9 hobgoblins
  4 jackals
  5 ball pythons
  3 frilled lizards
  2 gnoll skeletons (Ossuary)
  A hobgoblin skeleton (Ossuary)
  7 kobolds
  3 kobold skeletons (Ossuary)
  3 orc skeletons (Ossuary)
  7 rats
96 creatures vanquished.

Vanquished Creatures (collateral kills)
  A sky beast (D:5)
  4 orcs
  A rat (D:3)
6 creatures vanquished.

Vanquished Creatures (others)
  25 toadstools
25 creatures vanquished.

Grand Total: 127 creatures vanquished

Notes
Turn   | Place    | Note
-------+----------+-------------------------------------------
     0 | D:1      | M4edhros the Octopode Artificer began the quest for the Orb.
     0 | D:1      | Reached XP level 1. HP: 13/13 MP: 3/3
   104 | D:1      | Reached skill level 2 in Stealth
   128 | D:1      | Reached XP level 2. HP: 7/18 MP: 4/4
   404 | D:2      | Reached skill level 3 in Stealth
   405 | D:2      | Reached XP level 3. HP: 11/23 MP: 5/5
   868 | D:3      | Found a burning altar of Makhleb.
   868 | D:3      | Found a blossoming altar of Fedhas.
   869 | D:3      | Found a glowing golden altar of the Shining One.
   947 | D:3      | Reached skill level 4 in Stealth
  1113 | D:3      | Reached XP level 4. HP: 15/28 MP: 6/6
  1285 | D:4      | Gained mutation: Your spells are a little harder to cast, but a little more powerful. [potion of beneficial mutation]
  1315 | D:4      | Noticed a phantom
  1349 | D:4      | Killed a phantom
  1349 | D:4      | Reached skill level 5 in Stealth
  1349 | D:4      | Reached XP level 5. HP: 31/33 MP: 6/8
  1563 | D:3      | Became a worshipper of Fedhas Madash
  1600 | D:2      | Found a faded altar of an unknown god.
  1600 | D:2      | Noticed Ijyb
  1636 | D:3      | Your ally died
  2108 | D:1      | You fall through a shaft!
  2217 | D:1      | Reached * piety under Fedhas
  2482 | D:3      | Reached skill level 6 in Stealth
  2616 | D:3      | Noticed Natasha
  2627 | D:3      | Killed Natasha
  2627 | D:3      | Reached XP level 6. HP: 20/38 MP: 9/9
  2681 | D:4      | Found a snail-covered altar of Cheibriados.
  2717 | D:4      | Got a glittering bone ring
  2718 | D:4      | Identified the ring of Purojeipt {rC+ rN+} (You found it on level 4 of the Dungeon)
  2730 | D:4      | Noticed McKennaii's ghost (amateur HEWz)
  2909 | D:5      | Entered Level 5 of the Dungeon
  2909 | D:5      | Noticed an ice beast
  2915 | D:5      | Killed an ice beast
  2915 | D:5      | Reached skill level 7 in Stealth
  2985 | D:5      | Noticed a sky beast
  2988 | D:5      | Found a staircase to the Ecumenical Temple.
  3003 | D:5      | Killed a sky beast
  3003 | D:5      | Reached XP level 7. HP: 26/43 MP: 10/10
  3019 | Temple   | Entered the Ecumenical Temple
  3105 | Temple   | Fell from the grace of Fedhas
  3105 | Temple   | Became a worshipper of Xom of Chaos
  3113 | Temple   | Gained mutation: You are agile. (Dex +2) [mutagenic meat]
  3113 | Temple   | XOM: potion effect (might)
  3114 | Temple   | Gained mutation: Scrolls take you a little longer to read. [mutagenic meat]
  3115 | Temple   | Lost mutation: Scrolls take you a little longer to read. [mutagenic meat]
  3116 | Temple   | Gained mutation: You occasionally shout uncontrollably at your foes. [mutagenic meat]
  3194 | D:3      | Fell from the grace of Xom
  3194 | D:3      | Became a worshipper of Fedhas Madash
  3389 | D:5      | Found a sand-covered staircase.
  3398 | Ossuary  | Entered an ossuary
  3407 | Ossuary  | Reached skill level 5 in Evocations
  3526 | Ossuary  | Reached skill level 8 in Stealth
  3694 | Ossuary  | XOM: 1-stop teleportation journey
  3982 | Ossuary  | HP: 2/43 [poison (a needle trap)]
  3989 | Ossuary  | HP: 1/43 [poison (a needle trap)]
  3997 | Ossuary  | Succumbed to poison (a needle trap)

Skill      XL: |  1  2  3  4  5  6  7 |
---------------+----------------------+-----
Stealth        | 2 3 4 5 6 7 8 |  8.8
Dodging        | 3 4 |  4.6
Evocations     | 4 5 |  5.4
Fighting       | |  1.0
Short Blades   | |  1.0

Action                   |  1- 3 |  4- 6 |  7- 9 || total
-------------------------+-------+-------+-------++-------
Melee: Short sword       |    13 |       |       ||    13
       Constrict         |    16 |    28 |    21 ||    65
       Tentacles         |    14 |    16 |    22 ||    52
       Dagger            |    44 |   110 |    80 ||   234
Invok: Fungal Bloom      |       |    20 |     6 ||    26
       Evolution         |       |     2 |       ||     2
Evoke: Wand              |     9 |    23 |     8 ||    40
  Use: Potion            |     2 |     2 |     5 ||     9
       Scroll            |       |     9 |       ||     9
 Stab: Sleeping          |     7 |    18 |       ||    25
       Betrayed ally     |       |     1 |       ||     1
  Eat: Bread ration      |       |     1 |     1 ||     2
       Beef jerky        |       |     1 |       ||     1
       Chunk             |       |       |     4 ||     4
Armor: Skin              |     4 |     2 |     3 ||     9
Dodge: Dodged            |    39 |    73 |    71 ||   183
